[Event "Karel Janecek Open 2025"]
[Site "Prague"]
[Date "2025.02.28"]
[Round "2.5"]
[White "Yasmo, Daniil"]
[Black "Vetoshko, Volodymyr"]
[Result "0-1"]
[Annotator "ChessBase"]
[ECO "A19"]
[WhiteElo "2172"]
[BlackElo "2529"]
[PlyCount "46"]
[EventDate "2025.02.21"]
[EventType "swiss"]
[EventCountry "CZE"]
[SourceTitle "playchess.com"]
[Source "ChessBase"]
[SourceQuality "1"]
[TimeControl "40/5400+30:1800+30"]

1. e4 c5 2. c4 Nc6 3. Nc3 e6 4. g3 Nf6 5. Bg2 d5 6. d3 dxc4 7. dxc4 Qxd1+ 8. Kxd1 Ng4 9. Nh3 Be7 10. f3 Nge5 11. b3 O-O 12. Be3 Rd8+ 13. Ke2 Nd4+ 14. Bxd4 cxd4 15. Nd1 b5 16. f4 Nxc4 17. bxc4 bxc4 18. Rb1 Ba6 19. Ndf2 Rac8 20. Rhc1 Ba3 21. e5 c3+ 22. Nd3 c2 23. Ra1 Bb2 0-1

[Event "Karel Janecek Open 2025"]
[Site "Prague"]
[Date "2025.02.28"]
[Round "2.6"]
[White "Raja Rithvik R"]
[Black "Petran, Peter"]
[Result "1-0"]
[Annotator "ChessBase"]
[ECO "B06"]
[WhiteElo "2522"]
[BlackElo "2170"]
[PlyCount "73"]
[EventDate "2025.02.21"]
[EventType "swiss"]
[EventCountry "CZE"]
[SourceTitle "playchess.com"]
[Source "ChessBase"]
[SourceQuality "1"]
[TimeControl "40/5400+30:1800+30"]

1. d4 g6 2. e4 Bg7 3. Nf3 c6 4. Bd3 d5 5. e5 Bg4 6. Nbd2 f6 7. h3 Bxf3 8. exf6 exf6 9. Nxf3 Nd7 10. O-O Ne7 11. Re1 O-O 12. Bf4 Re8 13. a4 a5 14. Qd2 Nb6 15. b3 Nec8 16. Rxe8+ Qxe8 17. c4 Qf7 18. Rc1 Bf8 19. c5 Nd7 20. h4 Bg7 21. Re1 Nf8 22. Re2 Ne6 23. Bg3 Bf8 24. Qe1 Ng7 25. Bf4 Qd7 26. Bd2 Qc7 27. Nh2 f5 28. Nf3 b6 29. Ng5 bxc5 30. dxc5 Qd7 31. Bxa5 Bxc5 32. Bc3 Bf8 33. Bxg7 Kxg7 34. Re8 Nb6 35. Ne6+ Kf7 36. Rxf8+ Rxf8 37. Nxf8 1-0

[Event "Karel Janecek Open 2025"]
[Site "Prague"]
[Date "2025.02.28"]
[Round "2.7"]
[White "Lorscheid, Gerhard"]
[Black "Beerdsen, Thomas"]
[Result "0-1"]
[Annotator "ChessBase"]
[ECO "D15"]
[WhiteElo "2168"]
[BlackElo "2511"]
[PlyCount "72"]
[EventDate "2025.02.21"]
[EventType "swiss"]
[EventCountry "CZE"]
[SourceTitle "playchess.com"]
[Source "ChessBase"]
[SourceQuality "1"]
[TimeControl "40/5400+30:1800+30"]

1. d4 d5 2. c4 c6 3. Nc3 Nf6 4. e3 a6 5. Nf3 b5 6. c5 Bg4 7. Qb3 Nbd7 8. Be2 g6 9. a4 Bg7 10. h3 Bxf3 11. Bxf3 O-O 12. O-O e5 13. Qa3 Rb8 14. b4 Ne8 15. Rd1 Nc7 16. g3 Qf6 17. Bg2 a5 18. axb5 axb4 19. Qxb4 Nxb5 20. Nxb5 Rxb5 21. Qe1 Re8 22. Ra7 Qe6 23. Bf1 Rb3 24. Qd2 Nf6 25. Qa2 Rbb8 26. Bg2 h5 27. Bb2 h4 28. gxh4 Qf5 29. Bc3 Ne4 30. Be1 exd4 31. exd4 Qh5 32. f3 Nxc5 33. dxc5 Rb2 34. Qa4 Ree2 35. Bf1 Qxf3 36. Qg4 Qe3+ 0-1

[Event "Karel Janecek Open 2025"]
[Site "Prague"]
[Date "2025.02.28"]
[Round "2.8"]
[White "Noe, Christopher"]
[Black "Mannion, Stephen R"]
[Result "0-1"]
[Annotator "ChessBase"]
[ECO "D02"]
[WhiteElo "2511"]
[BlackElo "2167"]
[PlyCount "78"]
[EventDate "2025.02.21"]
[EventType "swiss"]
[EventCountry "CZE"]
[SourceTitle "playchess.com"]
[Source "ChessBase"]
[SourceQuality "1"]
[TimeControl "40/5400+30:1800+30"]

1. Nf3 d5 2. g3 Nd7 3. d4 Nb6 4. a4 a5 5. Bg2 Bf5 6. O-O e6 7. Ne5 c6 8. Bf4 Nf6 9. Nd2 h6 10. c3 Be7 11. Qb3 O-O 12. Nd3 g5 13. Be3 Ng4 14. Rad1 Qc7 15. c4 Rad8 16. c5 Nd7 17. Qc3 Bf6 18. Nb3 Nxe3 19. fxe3 Ra8 20. e4 Bg6 21. Nf2 Bg7 22. exd5 exd5 23. e4 dxe4 24. Nxe4 b6 25. Kh1 bxc5 26. Nbxc5 Nb6 27. Nf6+ Bxf6 28. Rxf6 Nd5 29. Bxd5 cxd5 30. Re1 Rae8 31. Rff1 Rxe1 32. Rxe1 Rb8 33. Kg1 Qd8 34. Re5 Rb4 35. Qe3 Qd6 36. b3 Kh7 37. h4 gxh4 38. gxh4 h5 39. Qf4 Qxc5 0-1

[Event "Karel Janecek Open 2025"]
[Site "Prague"]
[Date "2025.02.28"]
[Round "2.9"]
[White "Kanakova, Natalie"]
[Black "Popovic, Dusan"]
[Result "0-1"]
[Annotator "ChessBase"]
[ECO "B07"]
[WhiteElo "2162"]
[BlackElo "2494"]
[PlyCount "62"]
[EventDate "2025.02.21"]
[EventType "swiss"]
[EventCountry "CZE"]
[SourceTitle "playchess.com"]
[Source "ChessBase"]
[SourceQuality "1"]
[TimeControl "40/5400+30:1800+30"]

1. e4 d6 2. d4 Nf6 3. Nc3 e5 4. Nge2 c6 5. g3 Be7 6. Bg2 b5 7. a3 a5 8. d5 Bb7 9. dxc6 Bxc6 10. O-O O-O 11. Qd3 Na6 12. Nd5 Nc5 13. Nxf6+ Bxf6 14. Qe3 b4 15. axb4 axb4 16. Bd2 Qb6 17. Rxa8 Rxa8 18. Nc1 Qb7 19. Re1 Ne6 20. Nb3 Be7 21. Qd3 Nc5 22. Qc4 Nxe4 23. Qxb4 Qd7 24. Bxe4 d5 25. Bf5 Qxf5 26. Qxe7 d4 27. Na5 Be4 28. f4 f6 29. Nc4 Bf3 30. Rf1 Qh3 31. Rxf3 Ra1+ 0-1

[Event "Karel Janecek Open 2025"]
[Site "Prague"]
[Date "2025.02.28"]
[Round "2.10"]
[White "Ghazarian, Kirk"]
[Black "Krivanek, Vladimir"]
[Result "1-0"]
[Annotator "ChessBase"]
[ECO "D27"]
[WhiteElo "2493"]
[BlackElo "2156"]
[PlyCount "57"]
[EventDate "2025.02.21"]
[EventType "swiss"]
[EventCountry "CZE"]
[SourceTitle "playchess.com"]
[Source "ChessBase"]
[SourceQuality "1"]
[TimeControl "40/5400+30:1800+30"]

1. d4 d5 2. c4 dxc4 3. Nf3 Nf6 4. e3 e6 5. Bxc4 a6 6. O-O c5 7. Nc3 b5 8. Be2 Bb7 9. dxc5 Bxc5 10. Qxd8+ Kxd8 11. Nd2 Ke7 12. Nb3 Bb6 13. a4 b4 14. a5 Ba7 15. Na4 Bd5 16. Nbc5 Bxc5 17. Nxc5 Rc8 18. Na4 Nbd7 19. Bd2 Rcb8 20. f3 Kd8 21. Rfc1 Bb3 22. e4 e5 23. Rc6 Rc8 24. Rxc8+ Rxc8 25. Bxb4 Bc4 26. Bd1 Ne8 27. Rc1 g6 28. b3 Bd3 29. Be7+ 1-0

[Event "Karel Janecek Open 2025"]
[Site "Prague"]
[Date "2025.02.28"]
[Round "2.11"]
[White "Mametev, Artem"]
[Black "Ioannidis, Evgenios"]
[Result "0-1"]
[Annotator "ChessBase"]
[ECO "C03"]
[WhiteElo "2155"]
[BlackElo "2484"]
[PlyCount "99"]
[EventDate "2025.02.21"]
[EventType "swiss"]
[EventCountry "CZE"]
[SourceTitle "playchess.com"]
[Source "ChessBase"]
[SourceQuality "1"]
[TimeControl "40/5400+30:1800+30"]

1. e4 e6 2. d4 d5 3. Nd2 Be7 4. Ngf3 Nf6 5. Bd3 c5 6. dxc5 Nbd7 7. b4 a5 8. c3 dxe4 9. Nxe4 Nxe4 10. Bxe4 Bf6 11. Bd2 axb4 12. cxb4 Bxa1 13. Qxa1 Nf6 14. Bg5 h6 15. Bh4 Qc7 16. Bxf6 Qf4 17. O-O Qxf6 18. c6 Qxa1 19. Rxa1 Ra7 20. b5 f5 21. cxb7 Bxb7 22. Bxb7 Rxb7 23. a4 Ke7 24. Nd4 Ra8 25. f4 Kf6 26. a5 e5 27. fxe5+ Kxe5 28. Rd1 Ke4 29. Ne6 Rxb5 30. Re1+ Kd3 31. Nc7 Raxa5 32. Nxb5 Rxb5 33. Re7 g5 34. Kf2 Kd4 35. Re6 h5 36. h3 f4 37. Rh6 g4 38. hxg4 hxg4 39. Rh4 Rb2+ 40. Kg1 Rb1+ 41. Kf2 g3+ 42. Kf3 Rf1+ 43. Kg4 Ke3 44. Rh8 Kf2 45. Kxf4 Kxg2+ 46. Ke3 Kg1 47. Ke2 g2 48. Rh7 Rf8 49. Ra7 Rh8 50. Ra1+ 0-1

[Event "Karel Janecek Open 2025"]
[Site "Prague"]
[Date "2025.02.28"]
[Round "2.12"]
[White "Poetsch, Hagen"]
[Black "Topencik, Bruno"]
[Result "1/2-1/2"]
[Annotator "ChessBase"]
[ECO "D03"]
[WhiteElo "2482"]
[BlackElo "2153"]
[PlyCount "34"]
[EventDate "2025.02.21"]
[EventType "swiss"]
[EventCountry "CZE"]
[SourceTitle "playchess.com"]
[Source "ChessBase"]
[SourceQuality "1"]
[TimeControl "40/5400+30:1800+30"]

1. d4 Nf6 2. Bg5 d5 3. Nd2 Nbd7 4. e3 e6 5. Bd3 Be7 6. Ngf3 b6 7. Ne5 Nxe5 8. dxe5 Nd7 9. Bxe7 Qxe7 10. Qg4 f5 11. Qg3 Nc5 12. Be2 Ba6 13. Bxa6 Nxa6 14. O-O O-O 15. Rfd1 Nc5 16. Qf3 Ne4 17. Qe2 Nxd2 1/2-1/2

[Event "Karel Janecek Open 2025"]
[Site "Prague"]
[Date "2025.02.28"]
[Round "2.13"]
[White "Brzezinski, Adam"]
[Black "Vykouk, Jan"]
[Result "0-1"]
[Annotator "ChessBase"]
[ECO "C02"]
[WhiteElo "2147"]
[BlackElo "2478"]
[PlyCount "52"]
[EventDate "2025.02.21"]
[EventType "swiss"]
[EventCountry "CZE"]
[SourceTitle "playchess.com"]
[Source "ChessBase"]
[SourceQuality "1"]
[TimeControl "40/5400+30:1800+30"]

1. e4 c5 2. c3 e6 3. d4 d5 4. e5 Nc6 5. Nf3 Qb6 6. Bd3 cxd4 7. O-O Bd7 8. Re1 Nh6 9. c4 dxc4 10. Bxc4 Bc5 11. Bxh6 gxh6 12. Nbd2 Be7 13. a3 a5 14. Ne4 a4 15. Qd2 O-O-O 16. Rec1 Kb8 17. Rab1 Na5 18. Ba2 Bc6 19. Qf4 Rhg8 20. Nfd2 Bg5 21. Nxg5 Rxg5 22. f3 Rdg8 23. g4 Rf5 24. Qg3 d3+ 25. Kh1 Qe3 26. Rxc6 Nxc6 0-1

[Event "Karel Janecek Open 2025"]
[Site "Prague"]
[Date "2025.02.28"]
[Round "2.14"]
[White "Isik, Alparslan"]
[Black "Diachek, Andrii"]
[Result "1/2-1/2"]
[Annotator "ChessBase"]
[ECO "A11"]
[WhiteElo "2477"]
[BlackElo "2146"]
[PlyCount "144"]
[EventDate "2025.02.21"]
[EventType "swiss"]
[EventCountry "CZE"]
[SourceTitle "playchess.com"]
[Source "ChessBase"]
[SourceQuality "1"]
[TimeControl "40/5400+30:1800+30"]

1. Nf3 d5 2. g3 Nf6 3. Bg2 c6 4. c4 Bg4 5. Ne5 Bf5 6. cxd5 cxd5 7. Nc3 Nc6 8. Qa4 Bd7 9. Nxd7 Qxd7 10. O-O e6 11. d3 Be7 12. e4 dxe4 13. dxe4 O-O 14. Rd1 Qc7 15. Qc2 Qa5 16. Bd2 Qa6 17. Bf4 Rfd8 18. Bc7 Nd4 19. Qb1 Rd7 20. e5 Ne8 21. Bd6 Nb5 22. Bf1 Nxc3 23. bxc3 Qa5 24. Qb5 Qxb5 25. Bxb5 Rxd6 26. exd6 Nxd6 27. Bf1 Rc8 28. Rd3 Ne4 29. Bg2 Nc5 30. Rd2 Bd8 31. Rb1 b6 32. c4 Bc7 33. Rbd1 Kf8 34. Bc6 Ke7 35. Kg2 Be5 36. Bb7 Rc7 37. Bf3 Bc3 38. Rd8 Nd7 39. Ra8 Be5 40. Rd2 Bd6 41. Bd1 Nc5 42. Bc2 h6 43. Rg8 Nd7 44. Rxg7 Bb4 45. Rd3 Nf6 46. Rf3 Kf8 47. Rg6 fxg6 48. Rxf6+ Ke7 49. Rxg6 Rxc4 50. Bb3 Re4 51. Rxh6 Bc5 52. Kf3 Re1 53. Rh7+ Kf6 54. Rxa7 Rf1 55. h4 Rxf2+ 56. Kg4 Rd2 57. Kh5 Rh2 58. g4 Be3 59. Ra8 Bg5 60. Rf8+ Kg7 61. Kxg5 Kxf8 62. Bxe6 Kg7 63. h5 Rh1 64. a4 Rh2 65. Bd5 Re2 66. h6+ Kh7 67. Bc4 Re5+ 68. Kf6 Rc5 69. Bd3+ Kxh6 70. Bf5 Rc6+ 71. Be6 Rc5 72. Bf5 Rc6+ 1/2-1/2

[Event "Karel Janecek Open 2025"]
[Site "Prague"]
[Date "2025.02.28"]
[Round "2.15"]
[White "Gibaud, Elian"]
[Black "Haring, Filip"]
[Result "0-1"]
[Annotator "ChessBase"]
[ECO "B41"]
[WhiteElo "2146"]
[BlackElo "2470"]
[PlyCount "118"]
[EventDate "2025.02.21"]
[EventType "swiss"]
[EventCountry "CZE"]
[SourceTitle "playchess.com"]
[Source "ChessBase"]
[SourceQuality "1"]
[TimeControl "40/5400+30:1800+30"]

1. e4 c5 2. Nf3 e6 3. d4 cxd4 4. Nxd4 a6 5. c4 Nf6 6. Nc3 Qc7 7. a3 d6 8. Be2 b6 9. f4 Bb7 10. Qd3 Nbd7 11. b4 Rc8 12. Bb2 e5 13. Nf5 g6 14. Ne3 Bh6 15. g3 O-O 16. O-O exf4 17. gxf4 Bg7 18. Rad1 Rfe8 19. Bf3 b5 20. Qxd6 Qxd6 21. Rxd6 Bxe4 22. c5 Nb8 23. Ncd1 Bxf3 24. Rxf3 Ne4 25. Rd3 Nc6 26. Bxg7 Kxg7 27. Nd5 a5 28. N1c3 axb4 29. axb4 Nxc3 30. Rxc3 Rcd8 31. Nc7 Re2 32. Rf2 Rxf2 33. Kxf2 Rd4 34. Ke3 Rxb4 35. Rd3 Rc4 36. Rd7 b4 37. Ne8+ Kf8 38. Nd6 Rc3+ 39. Ke4 Rxc5 40. Rxf7+ Kg8 41. Rb7 Rh5 42. Ne8 Rf5 43. Nd6 Ra5 44. h4 h5 45. Rc7 Ra6 46. Nc4 b3 47. Rb7 Ra4 48. Kd5 Rxc4 49. Rxb3 Rxf4 50. Kxc6 Rxh4 51. Rb7 Rf4 52. Kd6 Rf7 53. Rb1 Kg7 54. Ke6 Rf5 55. Rh1 Kh6 56. Rh2 Rf4 57. Ke5 Kg5 58. Rh1 h4 59. Rh2 Rg4 0-1

[Event "Karel Janecek Open 2025"]
[Site "Prague"]
[Date "2025.02.28"]
[Round "2.16"]
[White "Agmanov, Zhandos"]
[Black "Narr, Kevin"]
[Result "1-0"]
[Annotator "ChessBase"]
[ECO "C42"]
[WhiteElo "2469"]
[BlackElo "2130"]
[PlyCount "29"]
[EventDate "2025.02.21"]
[EventType "swiss"]
[EventCountry "CZE"]
[SourceTitle "playchess.com"]
[Source "ChessBase"]
[SourceQuality "1"]
[TimeControl "40/5400+30:1800+30"]

1. e4 e5 2. Nf3 Nf6 3. Nxe5 d6 4. Nf3 Nxe4 5. Nc3 Nxc3 6. dxc3 Be7 7. Bf4 Nd7 8. Qd2 O-O 9. O-O-O Re8 10. h4 h6 11. Bc4 Nb6 12. Bd3 Be6 13. Bxh6 gxh6 14. Qxh6 Bf6 15. Rh3 1-0

[Event "Karel Janecek Open 2025"]
[Site "Prague"]
[Date "2025.03.01"]
[Round "3.1"]
[White "Pechac, Jergus"]
[Black "Dehtiarov, Roman"]
[Result "1-0"]
[Annotator "ChessBase"]
[ECO "C54"]
[WhiteElo "2603"]
[BlackElo "2376"]
[PlyCount "103"]
[EventDate "2025.02.21"]
[EventType "swiss"]
[EventCountry "CZE"]
[SourceTitle "playchess.com"]
[Source "ChessBase"]
[SourceQuality "1"]
[TimeControl "40/5400+30:1800+30"]

1. e4 e5 2. Nf3 Nc6 3. Bc4 Bc5 4. O-O Nf6 5. d3 d6 6. c3 a6 7. a4 Ba7 8. Re1 h6 9. Nbd2 g5 10. b4 Nh7 11. Kh1 O-O 12. Rf1 Ne7 13. Bb3 Ng6 14. Nc4 Qf6 15. d4 Bg4 16. Ne3 Bxf3 17. Qxf3 Qxf3 18. gxf3 Nh4 19. Ng2 Nxg2 20. Kxg2 exd4 21. Bb2 c5 22. cxd4 cxd4 23. Rfd1 Rac8 24. Bxd4 Bxd4 25. Rxd4 Rc3 26. Ba2 Kg7 27. Rxd6 Ra3 28. a5 Nf6 29. Rdd1 Nh5 30. Bd5 Nf4+ 31. Kg3 Nh5+ 32. Kh3 Nf4+ 33. Kg3 Nh5+ 34. Kg4 Nf6+ 35. Kh3 g4+ 36. Kg2 gxf3+ 37. Kg3 Rc3 38. Rac1 Nxd5 39. exd5 Rb3 40. d6 Kf6 41. Rd4 Rg8+ 42. Kf4 Rb2 43. d7 Ke7 44. Rc7 Rd8 45. Kxf3 Rb3+ 46. Kg2 Ke6 47. Rxb7 Ke5 48. Rd1 Kf4 49. Rc7 Rg8+ 50. Kf1 Kf3 51. d8=Q Rxd8 52. Rxf7+ 1-0

[Event "Karel Janecek Open 2025"]
[Site "Prague"]
[Date "2025.03.01"]
[Round "3.2"]
[White "Stinka, Jakub"]
[Black "Nyzhnyk, Illya"]
[Result "1/2-1/2"]
[Annotator "TA"]
[ECO "B51"]
[WhiteElo "2377"]
[BlackElo "2569"]
[PlyCount "40"]
[EventDate "2025.02.21"]
[EventType "swiss"]
[EventCountry "CZE"]
[SourceTitle "playchess.com"]
[Source "ChessBase"]
[SourceQuality "1"]
[TimeControl "40/5400+30:1800+30"]

1. e4 c5 2. Nf3 d6 3. Bb5+ Nc6 4. O-O Bd7 5. Re1 a6 6. Bf1 Bg4 7. c3 g6 8. h3 Bxf3 9. Qxf3 Bg7 10. d3 Nf6 11. Be3 O-O {[%emt 0:00:07] B51: Sicilian: Moscow Variation (3 Bb5+) without 3...Bd7.} 12. Nd2 b5 13. Qd1 Nd7 {[%emt 0:01:58] White has an edge.} 14. Nf3 e5 15. d4 exd4 16. cxd4 Re8 17. a4 c4 $146 ({Predecessor:} 17... cxd4 18. Nxd4 Nxd4 19. Bxd4 Bxd4 20. Qxd4 Nc5 21. Rad1 Nxa4 22. b3 Nc5 23. b4 Na4 {½-½ Saric,I (2661)-Cvitan,O (2535) CRO-ch Porec 2014 (8)}) 18. axb5 axb5 19. Rxa8 Qxa8 20. b3 Na5 {[%emt 0:00:00] Weighted Error Value: White=0.11 (very precise) /Black=0.07 (flawless)   Inaccurate:     	White=1     	Black=1      OK:         	White=3     	Black=5      Best:        	---       	Black=1} 1/2-1/2

[Event "Karel Janecek Open 2025"]
[Site "Prague"]
[Date "2025.03.01"]
[Round "3.3"]
[White "Grigoryan, Karen H."]
[Black "Gloeckler, Christian"]
[Result "1/2-1/2"]
[Annotator "ChessBase"]
[ECO "A34"]
[WhiteElo "2554"]
[BlackElo "2334"]
[PlyCount "118"]
[EventDate "2025.02.21"]
[EventType "swiss"]
[EventCountry "CZE"]
[SourceTitle "playchess.com"]
[Source "ChessBase"]
[SourceQuality "1"]
[TimeControl "40/5400+30:1800+30"]

1. Nf3 Nf6 2. g3 c5 3. Bg2 Nc6 4. c4 d5 5. cxd5 Nxd5 6. Nc3 Nc7 7. O-O e5 8. d3 Be7 9. Nd2 Bd7 10. Nc4 f6 11. f4 b5 12. Ne3 O-O 13. f5 Rb8 14. Bd2 Nd4 15. Ne4 Bc6 16. Rc1 Na6 17. g4 Qb6 18. Rf2 Rbd8 19. b3 Rd7 20. Kh1 Rc8 21. Qg1 h6 22. h4 Kf7 23. Kh2 Rh8 24. Kg3 Ke8 25. Qh1 Kd8 26. Qe1 Qb7 27. a4 b4 28. Qd1 Qb8 29. Nc4 Bd5 30. e3 Nc6 31. Qc2 Kc8 32. Rg1 Kb7 33. Bf3 Qc7 34. Rfg2 Rhd8 35. Be1 Na5 36. Ncd2 Qb6 37. Kf2 Bc6 38. Nc4 Qc7 39. Be2 Kb8 40. Ncd2 Qb7 41. g5 fxg5 42. hxg5 hxg5 43. Rxg5 Bxg5 44. Rxg5 Bd5 45. Kg1 Rc7 46. Bg3 Re7 47. Rg6 Nc6 48. Nd6 Qc7 49. Nb5 Qc8 50. Bg4 Rf8 51. Nc4 Rf6 52. Rg5 Ka8 53. Qh2 Qd8 54. Qc2 Rh6 55. Rg6 Qh8 56. e4 Rxg6 57. fxg6 Be6 58. Bf5 Qh5 59. Ncd6 Bg8 1/2-1/2

[Event "Karel Janecek Open 2025"]
[Site "Prague"]
[Date "2025.03.01"]
[Round "3.4"]
[White "Kistrup, Nicolai"]
[Black "Sasikiran, Krishnan"]
[Result "1/2-1/2"]
[Annotator "ChessBase"]
[ECO "B15"]
[WhiteElo "2374"]
[BlackElo "2548"]
[PlyCount "56"]
[EventDate "2025.02.21"]
[EventType "swiss"]
[EventCountry "CZE"]
[SourceTitle "playchess.com"]
[Source "ChessBase"]
[SourceQuality "1"]
[TimeControl "40/5400+30:1800+30"]

1. e4 c6 2. Nc3 d5 3. Nf3 g6 4. d4 Bg7 5. h3 dxe4 6. Nxe4 Nf6 7. Nxf6+ exf6 8. Bc4 O-O 9. O-O Nd7 10. Bf4 Nb6 11. Bb3 a5 12. a4 Nd5 13. Bh2 Bh6 14. Re1 Re8 15. Rxe8+ Qxe8 16. Qe1 Be6 17. Nd2 f5 18. Nc4 Qd8 19. Nd6 b6 20. Rd1 Bf8 21. Nc4 b5 22. Ne5 Qb6 23. axb5 cxb5 24. Nd7 Bxd7 25. Bxd5 Re8 26. Qd2 Bd6 27. Bf4 a4 28. Bf3 b4 1/2-1/2

[Event "Karel Janecek Open 2025"]
[Site "Prague"]
[Date "2025.03.01"]
[Round "3.5"]
[White "Vetoshko, Volodymyr"]
[Black "Stevik, Patrik"]
[Result "1/2-1/2"]
[Annotator "TA"]
[ECO "D34"]
[WhiteElo "2529"]
[BlackElo "2331"]
[PlyCount "150"]
[EventDate "2025.02.21"]
[EventType "swiss"]
[EventCountry "CZE"]
[SourceTitle "playchess.com"]
[Source "ChessBase"]
[SourceQuality "1"]
[TimeControl "40/5400+30:1800+30"]

1. d4 d5 2. c4 e6 3. Nc3 c5 4. cxd5 exd5 5. Nf3 Nf6 6. Bg5 Be6 7. g3 Be7 8. dxc5 Bxc5 9. Bg2 O-O 10. O-O Nc6 11. Rc1 Be7 12. Na4 h6 13. Be3 Ne4 {[%emt 0:04:59] D34: Tarrasch Defence: 6 g3 Nf6 7 Bg2 Be7.} 14. Nd4 Nxd4 15. Bxd4 b6 {[%emt 0:04:18] White has an edge.} 16. Nc3 Nxc3 $146 ({Predecessor:} 16... f5 17. Nb5 Bc5 18. b4 Bxd4 19. Qxd4 Qd7 20. Rc7 {1-0 Malo Guillen,J (2170)-Aparicio Navarro,P (2175) Aragon-chT Preferente A 2013 (8.37)}) 17. Rxc3 Rc8 18. Rd3 Bf6 (18... Qc7 $14) 19. b3 $16 Bxd4 20. Rxd4 Qf6 21. Bxd5 Rcd8 22. e3 Bxd5 23. Rxd5 Rxd5 24. Qxd5 {[%emt 0:00:01][%mdl 4096] Endgame KQR-KQR. White is a pawn up.} Qb2 25. a4 g6 26. h4 h5 27. Rd1 Rc8 {[%emt 0:00:17] Against Qc4} 28. Rd2 Rc1+ 29. Kg2 Rc2 30. Rxc2 Qxc2 {[%emt 0:00:02] KQ-KQ. White is a pawn up.} 31. e4 Qc3 32. e5 Qc8 {[%emt 0:03:00] Prevents e6} 33. b4 Kg7 34. b5 (34. Qd4 $14) 34... Qf5 35. Qd4 Qe6 (35... Kg8 $1 $14) 36. Qe4 (36. Kh2 $16) 36... Qd7 37. Kh2 Kg8 {[%emt 0:03:02] [#]} (37... Qd2 $11 {keeps the balance.}) 38. Kg1 (38. e6 $1 $16 Qxe6 39. Qa8+ Kg7 40. Qxa7) 38... Kg7 39. Kh2 ({Better is} 39. Kg2 $11) 39... Kg8 {[%emt 0:00:07] [#]} 40. e6 $1 Qe7 41. exf7+ Qxf7 42. Kg2 Kh7 43. Qd4 Qb7+ 44. Kf1 {[%emt 0:00:00] White is more active.} Qe7 45. Qf4 Kg7 46. Qe3 Qf6 47. Qe4 Qf7 {[%emt 0:00:00] Inhibits Qb7.} 48. Ke2 Kh7 49. Qd4 Qe6+ 50. Kd2 Qa2+ 51. Ke3 Qe6+ 52. Qe4 Qd7 53. f3 (53. Kf3 $16) 53... Qc7 54. g4 hxg4 55. Qxg4 Qe5+ 56. Qe4 Qc5+ 57. Ke2 Qc7 58. Kd3 Kh6 59. Qe3+ Kh7 60. Qe4 Kh6 $1 61. Qd4 Kh7 {[%emt 0:00:50] Inhibits Qh8+.} 62. Qd5 Qf4 63. h5 Kh6 $1 64. hxg6 Qxa4 65. Qc6 Qf4 $2 (65... a5 $14) 66. Kc3 $2 (66. g7+ $18 Kxg7 67. Qd5) 66... Qe3+ $11 {[%emt 0:04:17] The position is equal.} 67. Kc4 a5 68. bxa6 {[%emt 0:01:01][%cal Og6g7] aiming for g7+!.} Qe2+ 69. Kd4 Qxa6 70. Ke5 Qa5+ 71. Kf6 Qg5+ 72. Kf7 Qf5+ 73. Qf6 Qd7+ 74. Kf8 {[%emt 0:00:28] Threatening mate with g7+.} Qc8+ 75. Ke7 Qc7+ {[%emt 0:00:35] Weighted Error Value: White=0.14 (very precise) /Black=0.10 (very precise)   Loses game:     	---       	Black=1      Missed win:     	White=1     	---        Mistake:       	White=5     	Black=3      Inaccurate:     	White=2     	Black=2      OK:         	White=24    	Black=29     Best:        	White=2     	Black=5      Strong:       	---       	Black=2      Brilliant:      	White=1     	---} 1/2-1/2

[Event "Karel Janecek Open 2025"]
[Site "Prague"]
[Date "2025.03.01"]
[Round "3.7"]
[White "Beerdsen, Thomas"]
[Black "Polyakov, Maxim"]
[Result "1-0"]
[Annotator "ChessBase"]
[ECO "B12"]
[WhiteElo "2511"]
[BlackElo "2327"]
[PlyCount "57"]
[EventDate "2025.02.21"]
[EventType "swiss"]
[EventCountry "CZE"]
[SourceTitle "playchess.com"]
[Source "ChessBase"]
[SourceQuality "1"]
[TimeControl "40/5400+30:1800+30"]

1. e4 c6 2. d4 d5 3. e5 a6 4. Bd3 c5 5. c3 Nc6 6. Ne2 e6 7. Nd2 Nh6 8. Nf3 Nf5 9. h4 cxd4 10. cxd4 Be7 11. Bg5 h6 12. Bxe7 Nfxe7 13. a3 Bd7 14. b4 a5 15. b5 Na7 16. a4 Rc8 17. Qd2 b6 18. h5 Nf5 19. g4 Ne7 20. Rg1 Qc7 21. g5 Nf5 22. gxh6 gxh6 23. Qf4 Qd8 24. Bxf5 exf5 25. Nh4 Qe7 26. Nxf5 Qb4+ 27. Kf1 Bxf5 28. Qxf5 Qb2 29. Re1 1-0